cohdb
Replays
Latest Replays
All Replays
Popular Replays
Top Player Replays
Match Explorer
How It Works
Community
CoH3 Stats
Reddit
Sign in to upload your games and track your stats! →
Sign in with Steam
Match 43702443
Unlisted
Match 43702443
Overview
Messages
Build Orders
End
Construct Barracks
Riflemen Squad
Riflemen Squad
Grenade Package
Riflemen Squad
Infantry Support Center
Construct Weapon Support Center
M1919 Machine Gun Team
M1918 Browning Automatic Rifles
Engineer Squad
Riflemen Squad
Riflemen Squad
M1 Mortar Team
Construct Tank Depot
Selects Armored Battlegroup
Selects Veteran Crews
Selects Field Repairs
Selects War Machine
M4(105) Sherman Bulldozer
Selects Fast Deploy
M18 Hellcat Tank Destroyer
Selects Seek and Destroy
Engineer Squad
Selects UNKNOWN (2160077)
.30 cal Machine Gun
M4A3E8 Sherman Easy Eight
Engineer Squad
M4A3E8 Sherman Easy Eight
M4A3E8 Sherman Easy Eight
admiral_gnar
entelbar
quka
Blackoutt78
{SIN7}Pattyrickroll
Brossie 74
0
0
Comments
sign in to comment!
No comments posted yet!